 Dungeon Crawl Stone Soup version 0.26-a0-712-ga5a9c9c9d0 (webtiles) character file.

Game seed: 4703327942008156541

5497 graki42 the Thaumaturge (level 10, -10/50 HPs)
             Began as a Deep Elf Conjurer on Nov 13, 2020.
             Was a Priest of Vehumet.
             Splashed by a kobold's acid (16 damage)
             ... on level 8 of the Dungeon.
             The game lasted 00:34:16 (9676 turns).

graki42 the Thaumaturge (Deep Elf Conjurer)         Turns: 9676, Time: 00:34:17

Health: -10/50     AC:  7    Str:  7    XL:     10   Next: 42%
Magic:  24/28      EV: 12    Int: 24    God:    Vehumet [***...]
Gold:   371        SH:  0    Dex:  9    Spells: 23/34 levels left

rFire    . . .     SeeInvis .   d - +2 short sword (venom)
rCold    . . .     Faith    .   (no shield)
rNeg     . . .     Spirit   .   y - +1 steam dragon scales
rPois    +         Reflect  .   u - +1 hat
rElec    .         Harm     .   A - +0 cloak
rCorr    .         Rampage  .   p - +1 pair of gloves
MR       +....                  o - +0 pair of boots
Stlth    ++........             (no amulet)
HPRegen  0.16/turn              j - ring of poison resistance
MPRegen  0.21/turn              C - -4 ring of dexterity (curse)

@: corroded
A: no striking features
a: Renounce Religion


You were on level 8 of the Dungeon.
You worshipped Vehumet.
Vehumet was most pleased with you.
You visited 1 branch of the dungeon, and saw 8 of its levels.
You also visited: Ossuary.

You collected 371 gold pieces.

Inventory:

Hand Weapons
 d - a +2 short sword of venom (weapon)
Armour
 o - a +0 pair of boots (worn)
 p - a +1 pair of gloves (worn)
 u - a +1 hat (worn)
 y - +1 steam dragon scales (worn)
 A - a +0 cloak (worn)
Jewellery
 j - a ring of poison resistance (left hand)
 C - a cursed -4 ring of dexterity (right hand)
Wands
 r - a wand of random effects (12)
 v - a wand of paralysis (9)
 B - a wand of polymorph (3)
Scrolls
 b - a scroll of teleportation
 g - 3 scrolls of random uselessness {unknown}
 n - 2 scrolls of enchant weapon {unknown}
 q - 3 scrolls of fear {unknown}
 t - 3 scrolls of remove curse {unknown}
 z - a scroll of holy word
 D - 3 scrolls of amnesia {unknown}
 H - a scroll of fog
Potions
 a - 3 potions of degeneration {unknown}
 c - a potion of invisibility {unknown}
 e - 5 potions of curing
 f - a potion of stabbing {unknown}
 h - 2 potions of mutation {unknown}
 k - 2 potions of brilliance {unknown}
 l - a potion of might {unknown}
 s - 3 potions of berserk rage {unknown}
 w - 2 potions of flight {unknown}
 x - a potion of magic {unknown}
 E - 2 potions of haste
 F - a potion of heal wounds {unknown}
 G - a potion of ambrosia {unknown}


   Skills:
 - Level 3.0 Dodging
 - Level 3.0 Stealth
 + Level 12.7 Spellcasting
 + Level 11.6 Conjurations
 - Level 6.0 Hexes
 - Level 5.0 Translocations


You had 23 spell levels left.
You knew the following spells:

 Your Spells              Type           Power        Failure   Level
a - Magic Dart            Conj           ####         1%          1
b - Searing Ray           Conj           ######       1%          2
c - Fulminant Prism       Conj/Hex       ######....   1%          4
d - Iskenderun's Mystic   Conj/Tloc      ######..     1%          4

Your spell library contained the following spells:

 Spells                   Type           Power        Failure   Level
 Frozen Ramparts          Ice            ###...       3%          3
 Dazzling Flash           Conj/Hex       ######       1%          3
 Freezing Cloud           Conj/Ice/Air   ####......   30%         6
 Eringya's Noxious Bog    Tmut/Pois      ###.......   99%         6


Dungeon Overview and Level Annotations

Branches:
Dungeon (8/15)             Temple (0/1) D:6            Lair (0/6) D:8
Ossuary (visited)

Altars:
Fedhas
Kikubaaqudgha
Sif Muna
Trog
Uskayaw
Vehumet
Wu Jian
Xom
Zin
The Shining One

Shops:
D:5 (   D:7 =

Annotations:
D:5 1 runed translucent door


Message History

You start resting.
A two-headed ogre is nearby!
The two-headed ogre shouts in stereo!
Casting: Iskenderun's Mystic Blast (safe; 1% risk of failure)
Confirm with . or Enter, or press ? or * to list all spells.
Aiming: Searing Ray (safe; 1% risk of failure)
Press: ? - help, Shift-Dir - straight line, f - two-headed ogre
Aim: a two-headed ogre, wielding a +0 giant spiked club and a +0 giant club The searing ray hits the two-headed ogre!
The two-headed ogre is moderately wounded. (Press . to maintain the ray.)
A kobold comes into view.
It is wielding a +1 dagger of venom and carrying a wand of acid (7).
The searing ray hits the two-headed ogre!
The two-headed ogre is heavily wounded.
The searing ray hits the two-headed ogre!
The two-headed ogre is heavily wounded.
The kobold zaps a wand.
The bolt of acid hits you!!
* * * LOW HITPOINT WARNING * * *
The acid corrodes you!
You are splashed with acid!
You die...

******************
,,,,*,,,,,,,,,,,,*
,,,,*,,,,,,,,,,,,*
,,,,*,,,,,,,,,,,,*
,,,,+,,,,,,,,,,,,*
,,,,*,,,,,,,,,,,,*
**,,****,,***,,,,*
**,,****##########
,,,,,,,*........@#
,,,,,,,*.........#
,,,,,,,*........O#
,,,,,,,*.........#
..,,,,,*...K.....#
K.,,,,,#...##....#
..,,,,,#..,*#....#
#**,,,*#>..*#....#
##*,,,##...##....#


You could see a two-headed ogre and a kobold.

Vanquished Creatures
  Pikel (D:8)
  Joseph (D:7)
  Psyche (D:8)
  Maggie (D:6)
  Prince Ribbit (D:6)
  Sigmund (D:6)
  Menkaure (D:7)
  An orc warrior (D:6)
  2 sky beasts
  A black bear (D:7)
  A necrophage (D:6)
  8 ogres
  A centaur (D:6)
  3 lemures (D:8)
  A big kobold (D:8)
  2 bullfrogs
  A wyvern zombie (Ossuary)
  3 scorpions
  5 killer bees
  4 wights
  A howler monkey (D:7)
  2 bullfrog zombies
  A centaur zombie (Ossuary)
  A quasit (D:7)
  3 hounds
  5 jellies
  Crazy Yiuf (D:7)
  5 orc priests
  A centaur skeleton (D:5)
  Natasha (twice) (D:3)
  2 iguanas
  5 orc wizards
  10 worker ants
  A killer bee zombie (D:7)
  A hound zombie (Ossuary)
  14 mummies
  11 adders
  A gnoll (D:8)
  A howler monkey skeleton (D:4)
  5 worker ant zombies (Ossuary)
  A shadow imp (D:3)
  2 adder zombies
  2 adder skeletons (D:5)
  3 worms
  2 dart slugs
  4 leopard geckos
  21 orcs
  4 giant cockroaches
  6 hobgoblins
  3 jackals (D:7)
  15 kobolds
  2 quokkas (D:4)
  A ball python (D:3)
  10 bats
  A frilled lizard (D:1)
  A giant cockroach zombie (Ossuary)
  6 goblins
  A jackal skeleton (D:6)
  A jackal zombie (Ossuary)
  A quokka skeleton (D:4)
  8 rats
  2 butterflies (D:5)
210 creatures vanquished.

Vanquished Creatures (others)
  9 fulminant prisms
  7 withered plants (Ossuary)
16 creatures vanquished.

Grand Total: 226 creatures vanquished

Notes
Turn   | Place    | Note
-------+----------+-------------------------------------------
     0 | D:1      | graki42 the Deep Elf Conjurer began the quest for the Orb.
     0 | D:1      | Reached XP level 1. HP: 10/10 MP: 6/6
   362 | D:1      | Reached XP level 2. HP: 15/15 MP: 6/8
   366 | D:1      | Learned a level 2 spell: Searing Ray
  1042 | D:2      | Reached XP level 3. HP: 19/19 MP: 7/10
  1412 | D:2      | Reached skill level 5 in Conjurations
  1980 | D:3      | Reached skill level 4 in Spellcasting
  1983 | D:3      | Reached XP level 4. HP: 24/24 MP: 6/12
  2091 | D:3      | Learned a level 4 spell: Fulminant Prism
  2096 | D:3      | Learned a level 4 spell: Iskenderun's Mystic Blast
  2262 | D:3      | Reached skill level 1 in Hexes
  2720 | D:3      | Reached skill level 1 in Translocations
  2756 | D:3      | Noticed Natasha
  2764 | D:3      | Killed Natasha
  2764 | D:3      | Reached XP level 5. HP: 14/28 MP: 10/14
  2774 | D:3      | Noticed Natasha
  2778 | D:3      | Killed Natasha
  2933 | D:2      | Found a hide-covered altar of Uskayaw.
  3222 | D:4      | Reached skill level 5 in Spellcasting
  3357 | D:4      | Reached XP level 6. HP: 32/32 MP: 9/15
  3409 | D:4      | Found a blossoming altar of Fedhas.
  3417 | D:4      | Found a glowing silver altar of Zin.
  3417 | D:4      | Found a bloodstained altar of Trog.
  3418 | D:4      | Found an ornate altar of the Wu Jian Council.
  3418 | D:4      | Found a shimmering altar of Xom.
  3420 | D:4      | Found a glowing golden altar of the Shining One.
  3420 | D:4      | Found a radiant altar of Vehumet.
  3422 | D:4      | Found a shimmering blue altar of Sif Muna.
  3430 | D:4      | Became a worshipper of Vehumet
  4125 | D:4      | Found an ancient bone altar of Kikubaaqudgha.
  4289 | D:4      | Reached skill level 6 in Spellcasting
  4289 | D:4      | Reached XP level 7. HP: 33/36 MP: 9/18
  4747 | D:5      | Entered Level 5 of the Dungeon
  5149 | D:5      | Found Tiuss's Antique Weapon Shoppe.
  5483 | D:5      | Found a runed translucent door.
  5484 | D:5      | Found a runed translucent door.
  5492 | D:5      | Reached skill level 5 in Hexes
  5493 | D:5      | Reached * piety under Vehumet
  5493 | D:5      | Offered knowledge of Freeze by Vehumet.
  5499 | D:5      | Reached skill level 7 in Spellcasting
  5499 | D:5      | Reached XP level 8. HP: 28/41 MP: 3/20
  5876 | D:6      | Found a staircase to the Ecumenical Temple.
  5893 | D:6      | Noticed Prince Ribbit
  5903 | D:6      | Killed Prince Ribbit
  6118 | D:6      | Reached skill level 8 in Spellcasting
  6411 | D:6      | Noticed Sigmund
  6541 | D:6      | Killed Sigmund
  6541 | D:6      | Reached skill level 9 in Spellcasting
  6671 | D:6      | Reached XP level 9. HP: 19/45 MP: 20/24
  6674 | D:6      | HP: 2/45 [orc priest/nerve-wracking pain (14)]
  7316 | D:6      | Noticed Maggie
  7470 | D:6      | Killed Maggie
  7470 | D:6      | Reached skill level 10 in Spellcasting
  7597 | D:7      | Offered knowledge of Shock by Vehumet.
  7597 | D:7      | Reached skill level 5 in Translocations
  7614 | D:7      | Reached ** piety under Vehumet
  7860 | D:7      | Noticed Joseph
  7873 | D:7      | Killed Joseph
  7873 | D:7      | Reached skill level 11 in Spellcasting
  7873 | D:7      | Reached skill level 10 in Conjurations
  7971 | D:7      | Found Tapomm's Jewellery Emporium.
  8025 | D:7      | Noticed Menkaure
  8029 | D:7      | Killed Menkaure
  8393 | D:7      | Found a runed translucent door.
  8394 | D:7      | Noticed Crazy Yiuf
  8400 | D:7      | Killed Crazy Yiuf
  8571 | D:7      | Identified the Almanac of Cankerous Attacks
  8635 | D:8      | Reached XP level 10. HP: 43/50 MP: 25/27
  8683 | D:8      | Noticed Psyche
  8689 | D:8      | Paralysed by Psyche for 4 turns
  8696 | D:8      | Killed Psyche
  8702 | D:8      | Reached skill level 12 in Spellcasting
  8757 | D:8      | Offered knowledge of Conjure Flame by Vehumet.
  8801 | D:8      | Noticed Pikel
  8808 | D:8      | Killed Pikel
  8835 | D:8      | Found a sand-covered staircase.
  8848 | Ossuary  | Entered an ossuary
  8924 | Ossuary  | Reached *** piety under Vehumet
  9190 | Ossuary  | Offered knowledge of Frozen Ramparts by Vehumet.
  9655 | D:8      | Noticed a two-headed ogre
  9676 | D:8      | Splashed by a kobold's acid

Illustrated notes

Levels and vault maps discovered:
D:1:      tarquinn_simple_flora_water_e, layout_loops_ring
D:2:      lemuel_upstairs_altar, layout_basic, minmay_strange_pillars,
          corexii_hall_statues_u, kennysheep_nub
D:3:      layout_basic, serial_rivers, chequers_serial_rivers_micro_b,
          chequers_serial_rivers_room_a, chequers_serial_rivers_marsh,
          chequers_serial_rivers_small_b, uniq_natasha
D:4:      layout_loops_corners, grunt_temple_overflow_open, kennysheep_mini_moat
D:5:      lemuel_insect_pit, layout_cave_pods, serial_shops, nicolae_shop_trees
D:6:      layout_basic, minmay_temple_entry_from_below_a, uniq_sigmund,
          uniq_prince_ribbit1, uniq_maggie
D:7:      layout_loops_ring, minmay_shop_enchanted_jewellery,
          ebering_dispersal_statue_hall, kennysheep_generic_room_14,
          uniq_joseph, uniq_crazy_yiuf_cottage, uniq_menkaure
D:8:      layout_gridville, lair_entry_dummy, basic_altar,
          gup_ossuary_entry_pyramid, uniq_pikel, uniq_psyche

Skill      XL: |  1  2  3  4  5  6  7  8  9 10 |
---------------+-------------------------------+-----
Dodging        | 3 |  3.0
Stealth        | 3 |  3.0
Conjurations   | 5 6 7 8 10 11 | 11.6
Spellcasting   | 4 5 6 7 9 11 12 | 12.7
Hexes          | 1 2 3 5 6 |  6.0
Translocations | 1 2 3 4 5 |  5.0

Action                   |  1- 3 |  4- 6 |  7- 9 | 10-12 || total
-------------------------+-------+-------+-------+-------++-------
Melee: Short sword       |     3 |       |     4 |     2 ||     9
 Cast: Magic Dart        |    53 |    42 |    14 |    14 ||   123
       Searing Ray       |     4 |    32 |    59 |    42 ||   137
       Fulminant Prism   |       |       |     9 |       ||     9
       Iskenderun's Myst |       |       |     9 |     1 ||    10
  Use: Scroll            |       |       |       |    11 ||    11
       Potion            |       |       |       |     1 ||     1
 Stab: Sleeping          |     1 |       |     1 |       ||     2
Armor: Robe              |     3 |     3 |     5 |       ||    11
       Steam dragon scal |       |       |    10 |    20 ||    30
Dodge: Dodged            |     1 |    14 |    39 |    24 ||    78

Table legend: (Time is in decaauts)
 A = Elapsed time spent in this place.
 B = Non-inter-level travel time spent in this place.
 C = Inter-level travel time spent in this place.
 D = Time resting spent in this place.
 E = Time spent auto-exploring this place.
 F = Levels seen in this place.
 G = Mean time per level.
                   A        B        C        D        E       F      G
               +--------+--------+--------+--------+--------+-----+--------+
         Total |   9717 |   9506 |    211 |   2273 |   5824 |   9 | 1079.7 |
       Dungeon |   8955 |   8744 |    211 |   1942 |   5580 |   8 | 1119.4 |
       Ossuary |    762 |    762 |      0 |    331 |    243 |   1 |  762.0 |
               +--------+--------+--------+--------+--------+-----+--------+

Top non-repeatable levels by time:
     D:4: 1545 daAuts
     D:5: 1523 daAuts
     D:6: 1306 daAuts
     D:2: 1264 daAuts
     D:3: 1127 daAuts
     D:7: 1078 daAuts
     D:1: 813 daAuts
 Ossuary: 762 daAuts
     D:8: 294 daAuts
